 Dungeon Crawl Stone Soup version 0.20.1-1-g8b1a95d (webtiles) character file.

1659 KnobCreek the Thaumaturge (level 8, -1/41 HPs)
             Began as a Deep Elf Conjurer on July 20, 2017.
             Slain by Duvessa
             ... wielding a +0 rapier
              (5 damage)
             ... on level 5 of the Dungeon.
             The game lasted 00:20:03 (6092 turns).

KnobCreek the Thaumaturge (Deep Elf Conjurer)       Turns: 6092, Time: 00:20:04

Health: -1/41      AC:  3    Str:  6    XL:     8   Next: 68%
Magic:  0/25       EV: 14    Int: 28    God:
Gold:   195        SH:  0    Dex: 15    Spells: 14/29 levels left

rFire    . . .     SeeInvis .   p - +1 short sword (venom)
rCold    . . .     Gourm    .   (no shield)
rNeg     . . .     Faith    .   a - +0 robe
rPois    .         Spirit   .   (no helmet)
rElec    .         Reflect  .   j - +0 cloak
rCorr    .         Harm     .   (no gloves)
MR       .....                  (no boots)
Stlth    ++........             G - amulet of regeneration
Regen    0.6/turn               l - +6 ring of intelligence
MPRegen  0.2/turn               (no ring)

@: very slightly contaminated
A: no striking features
a: no special abilities


You were on level 5 of the Dungeon.
You were not hungry.

You visited 1 branch of the dungeon, and saw 5 of its levels.

You collected 195 gold pieces.

Inventory:

Hand Weapons
 f - a +0 club
 g - a +0 blowgun
 n - a +0 short sword
 p - a +1 short sword of venom (weapon)
 u - a +0 blowgun
 x - a +2 flail of protection
 z - a +0 scimitar
 H - a +0 dagger of speed
Missiles
 d - 167 stones (quivered)
 s - 61 poisoned needles
 w - 6 tomahawks
Armour
 a - a +0 robe (worn)
 j - a +0 cloak (worn)
Jewellery
 l - a +6 ring of intelligence (left hand)
 C - an uncursed amulet of faith
 G - an amulet of regeneration (around neck)
Wands
 v - a wand of polymorph (11/24)
 E - a wand of scattershot (5/9)
Scrolls
 e - 2 scrolls of teleportation
 h - 2 scrolls of remove curse
 r - a scroll of blinking
 t - a scroll of fear
 y - a scroll of amnesia
 B - a scroll of magic mapping
Potions
 i - 4 potions of lignification
 k - 2 potions of invisibility
 m - a potion of resistance
 A - a potion of heal wounds {unknown}
 D - 2 potions of curing {unknown}
Books
 b - a book of Conjurations

   Spells                             Type                      Level
   a - Magic Dart                     Conjuration                  1
   b - Searing Ray                    Conjuration                  2
   c - Dazzling Spray                 Conjuration/Hexes            3
   d - Fulminant Prism                Conjuration/Hexes            4
   e - Force Lance                    Conjuration/Translocation    4
   f - Iskenderun's Mystic Blast      Conjuration                  4
Comestibles
 c - 8 bread rations
 o - 3 royal jellies
 q - 6 fruits
 F - 2 chunks of flesh


   Skills:
 * Level 3.4 Dodging
 - Level 2.4 Stealth
 - Level 11.0 Spellcasting
 + Level 9.0 Conjurations


You had 14 spell levels left.
You knew the following spells:

 Your Spells              Type           Power        Failure   Level  Hunger
a - Magic Dart            Conj           ####         1%          1    None
b - Searing Ray           Conj           ######       1%          2    None
c - Iskenderun's Mystic   Conj           ######..     1%          4    None
d - Force Lance           Conj/Tloc      #####...     5%          4    None
e - Fulminant Prism       Conj/Hex       #####.....   5%          4    None


Dungeon Overview and Level Annotations

Branches:
Dungeon (5/15)
 Temple: D:4-7

Altars:

Annotations:
D:5 Duvessa


Message History

The searing ray misses Duvessa. (Press . to maintain the ray.) Without enough magic to sustain it, your searing ray dissipates.
Duvessa hits you with a rapier. Duvessa barely misses you.
The adder misses you.
Casting: Searing Ray
Confirm with . or Enter, or press ? or * to list all spells.
Aiming: Magic Dart
Press: ? - help, Shift-Dir - straight line, f/p - Duvessa
Aim: Duvessa, wielding a rapier and wearing a chain mail (almost dead, berserk, fast, unusually strong)
The magic dart hits Duvessa.
Duvessa is almost dead.
The adder barely misses you. Duvessa hits you with a rapier!
The adder bites you but does no damage. Duvessa hits you with a rapier!
* * * LOW HITPOINT WARNING * * *
You hit Duvessa but do no damage.
Duvessa is almost dead.
Duvessa hits you with a rapier.
You die...

#)# ###### #.# #.... #.#
.%#.#######.#
###...#.......##
....##........#
#...##..#####.#
#####.>.#...#####.# #..
#..@eS.........##.# #..#
#.###.#.#...##.##.# #..#
#.###.#.###.##.##.## #..#
#................... #..#
##.##.#####..####### #..#
#[##.#####).######
#..#####.##.##.....?......
#........##.##.##..#######
#..########.##.##..#


You could see Duvessa (berserk) and an adder.

Vanquished Creatures
  Pikel (D:4)
  Grinder (D:4)
  An ogre (D:4)
  2 slaves (D:4)
  An elf skeleton (D:4)
  Dowan (D:5)
  2 crimson imps
  A human zombie (D:4)
  3 orc priests
  A bullfrog skeleton (D:5)
  A hound (D:5)
  3 orc wizards
  A gnoll shaman (D:4)
  2 human skeletons (D:4)
  3 iguanas
  Ijyb (D:3)
  2 worker ants
  2 hound skeletons
  7 gnolls
  8 adders
  A shadow imp (D:5)
  An ooze (D:3)
  2 worms
  3 dart slugs
  2 leopard geckos
  11 orcs
  3 bats
  2 giant cockroaches (D:1)
  5 goblins
  6 hobgoblins
  7 jackals
  3 quokkas (D:3)
  4 ball pythons
  A ball python skeleton (D:4)
  6 frilled lizards
  7 kobolds
  An orc skeleton (D:4)
  An orc zombie (D:4)
  7 rats
117 creatures vanquished.

Vanquished Creatures (others)
  4 fulminant prisms
4 creatures vanquished.

Grand Total: 121 creatures vanquished

Notes
Turn   | Place    | Note
-------+----------+-------------------------------------------
     0 | D:1      | KnobCreek the Deep Elf Conjurer began the quest for the Orb.
     0 | D:1      | Reached XP level 1. HP: 10/10 MP: 6/6
   406 | D:1      | Reached XP level 2. HP: 15/15 MP: 2/8
   412 | D:1      | Learned a level 2 spell: Searing Ray
   750 | D:1      | Reached skill level 5 in Conjurations
  1161 | D:2      | Reached XP level 3. HP: 17/19 MP: 5/10
  1745 | D:2      | Reached skill level 4 in Spellcasting
  1767 | D:2      | Reached XP level 4. HP: 24/24 MP: 0/12
  2831 | D:3      | Reached skill level 5 in Spellcasting
  2831 | D:3      | Reached XP level 5. HP: 28/28 MP: 6/14
  2967 | D:3      | Learned a level 4 spell: Iskenderun's Mystic Blast
  2972 | D:3      | Learned a level 4 spell: Force Lance
  2977 | D:3      | Learned a level 4 spell: Fulminant Prism
  3096 | D:3      | Noticed Ijyb
  3108 | D:3      | Killed Ijyb
  3481 | D:3      | Reached skill level 6 in Spellcasting
  3810 | D:4      | Reached XP level 6. HP: 23/32 MP: 8/17
  3816 | D:4      | HP: 1/32 [orc/trident (4)]
  4184 | D:4      | Reached skill level 7 in Spellcasting
  4597 | D:4      | Reached XP level 7. HP: 33/36 MP: 1/20
  4732 | D:4      | Noticed Grinder
  4736 | D:4      | Paralysed by Grinder for 5 turns
  4743 | D:4      | Killed Grinder
  4743 | D:4      | Reached skill level 8 in Spellcasting
  4869 | D:4      | Reached skill level 9 in Spellcasting
  5472 | D:4      | Noticed Pikel
  5478 | D:4      | Killed Pikel
  5478 | D:4      | Reached skill level 10 in Spellcasting
  5478 | D:4      | Reached XP level 8. HP: 41/41 MP: 9/24
  5609 | D:5      | Entered Level 5 of the Dungeon
  5612 | D:5      | Reached skill level 11 in Spellcasting
  6009 | D:5      | Noticed Dowan
  6013 | D:5      | Killed Dowan
  6079 | D:5      | Noticed Duvessa
  6092 | D:5      | Slain by Duvessa

Skill      XL: |  1  2  3  4  5  6  7  8 |
---------------+-------------------------+-----
Conjurations   | 5 6 8 9 |  9.0
Spellcasting   | 4 5 6 7 10 11 | 11.0
Dodging        | 3 |  3.4
Stealth        | |  2.4

Action                   |  1- 3 |  4- 6 |  7- 9 || total
-------------------------+-------+-------+-------++-------
Melee: Dagger            |     1 |       |       ||     1
       Short sword       |       |    12 |     2 ||    14
 Cast: Magic Dart        |    63 |    63 |    57 ||   183
       Searing Ray       |     3 |    13 |    19 ||    35
       Force Lance       |       |     3 |     7 ||    10
       Fulminant Prism   |       |     1 |     3 ||     4
  Use: Scroll            |     7 |     5 |     3 ||    15
 Stab: Sleeping          |       |       |     1 ||     1
  Eat: Chunk             |     2 |     9 |     5 ||    16
Armor: Robe              |     3 |     7 |     2 ||    12
Dodge: Dodged            |    10 |    35 |    12 ||    57
